 Dungeon Crawl Stone Soup version 0.21-a0-401-g0b6bec4 (webtiles) character file.

18 Hasart the Stinger (level 2, -7/22 HPs)
             Began as a Naga Venom Mage on Oct 25, 2017.
             Mangled by a gnoll
             ... wielding a +0 club
              (9 damage)
             ... on level 2 of the Dungeon.
             The game lasted 00:01:27 (1216 turns).

Hasart the Stinger (Naga Venom Mage)                Turns: 1216, Time: 00:01:28

Health: -7/22      AC:  1    Str: 10    XL:     2   Next: 70%
Magic:  1/5        EV: 10    Int: 15    God:
Gold:   43         SH:  0    Dex: 11    Spells: 4/5 levels left

rFire    . . .     SeeInvis +   j - +0 short sword
rCold    . . .     Gourm    .   (no shield)
rNeg     . . .     Faith    .   a - +0 robe
rPois    +         Spirit   .   (no helmet)
rElec    .         Reflect  .   (no cloak)
rCorr    .         Harm     .   (no gloves)
MR       .....                  (no barding)
Stlth    ++........             l - amulet of regeneration
HPRegen  0.47/turn              (no ring)
MPRegen  0.09/turn              (no ring)

@: very slightly contaminated, very slow
A: see invisible, deformed body, poison resistance, slowness 2, slow metabolism
1, spit poison 1, AC +0
a: Spit Poison


You were on level 2 of the Dungeon.
You were hungry.

You visited 1 branch of the dungeon, and saw 2 of its levels.

You collected 43 gold pieces.

Inventory:

Hand Weapons
 j - a +0 short sword (weapon)
Armour
 a - a +0 robe (worn)
Jewellery
 l - an amulet of regeneration (around neck)
Scrolls
 g - a scroll of remove curse {unknown}
 m - a scroll of enchant weapon {unknown}
 n - a scroll of identify {unknown}
Potions
 d - 2 potions of curing {unknown}
 e - a potion of magic {unknown}
 f - a potion of heal wounds {unknown}
 h - a potion of haste {unknown}
 i - a potion of flight {unknown}
 k - a potion of might {unknown}
Books
 b - a Young Poisoner's Handbook

   Spells                             Type                      Level
   a - Sting                          Conjuration/Poison           1
   b - Poisonous Vapours              Poison/Air                   2
   c - Mephitic Cloud                 Conjuration/Poison/Air       3
   d - Olgreb's Toxic Radiance        Poison                       4
   e - Venom Bolt                     Conjuration/Poison           5
Comestibles
 c - 2 bread rations
 o - a chunk of flesh
 p - a meat ration


   Skills:
 - Level 1.5 Dodging
 - Level 3.0 Stealth
 + Level 2.2 Spellcasting
 + Level 1.4 Conjurations
 * Level 4.7 Poison Magic


You had 4 spell levels left.
You knew the following spells:

 Your Spells              Type           Power        Failure   Level  Hunger
a - Sting                 Conj/Pois      ##..         6%          1    #......


Dungeon Overview and Level Annotations

Branches:
Dungeon (2/15)

Altars:
Ashenzari


Innate Abilities, Weirdness & Mutations

You cannot wear boots.
Your serpentine skin is tough. (AC +0)
You have supernaturally acute eyesight. (SInv)
Armour fits poorly on your strangely shaped body.
Your system is resistant to poisons. (rPois)
You cover ground very slowly.
You have a slow metabolism.
You can spit poison.


Message History

Press: ? - help, Shift-Dir - straight line, f/p - gnoll
Aim: a gnoll, wielding a club (severely wounded, poisoned)
You miscast Sting.
Nothing appears to happen.
The gnoll closely misses you.
Casting: Sting
Confirm with . or Enter, or press ? or * to list all spells.
Aiming: Sting
Press: ? - help, Shift-Dir - straight line, f/p - gnoll
Aim: a gnoll, wielding a club (severely wounded, poisoned)
You miscast Sting.
Nothing appears to happen.
The gnoll looks more healthy.
The gnoll hits you with a club!
* * * LOW HITPOINT WARNING * * *
Casting: Sting
Confirm with . or Enter, or press ? or * to list all spells.
Aiming: Sting
Press: ? - help, Shift-Dir - straight line, f/p - gnoll
Aim: a gnoll, wielding a club (severely wounded)
The sting hits the gnoll.
You kill the gnoll!
The gnoll hits you with a club!
You die...

. .. ...### ....### .
#############...######.
...........##.........
#.########....#)>#....
##.######......##...##.
####...gg@...####.###.....
#......####### #.....###.
#.##..## #.......#. #.##
#..####... g.. #..... ##<.
...## #.##.#. #.. ..... #
.# #.. .... ##. ... .


You could see 2 gnolls.

Vanquished Creatures
  A gnoll (D:2)
  A goblin (D:1)
  2 hobgoblins (D:1)
  A bat (D:1)
  2 kobolds (D:1)
  3 rats
10 creatures vanquished.

Notes
Turn   | Place    | Note
-------+----------+-------------------------------------------
     0 | D:1      | Hasart the Naga Venom Mage began the quest for the Orb.
     0 | D:1      | Reached XP level 1. HP: 15/15 MP: 3/3
   750 | D:1      | Found a shattered altar of Ashenzari.
   763 | D:1      | Reached XP level 2. HP: 22/22 MP: 5/5
  1216 | D:2      | Mangled by a gnoll

Vault maps used:
D:1:      mrwooster_arrival_statue, evilmike_ruin_ashenzari
D:2:      lemuel_crystal_altar, marbit_many_paths, minmay_gold_behind_fungi

Action                   || total
-------------------------++-------
Melee: Short sword       ||    13
       Club              ||     3
       Unarmed           ||     2
 Cast: Sting             ||    12
 Abil: Spit Poison       ||     2
 Stab: Sleeping          ||     2
Armor: Robe              ||     1
Dodge: Dodged            ||    18

Table legend:
 A = Spawn XP
 B = Non-spawn XP
 C = Spawn XP percentage of total XP
 D = Spawn monster count
 E = Non-spawn monster count
 F = Spawn count percentage of total count
 G = Total turns spent on level
                    A         B        C        D         E        F      G
               +---------+---------+-------+---------+---------+-------+---------
         Total |       0 |      27 |   0.0 |       0 |      10 |   0.0 |  1216
               +---------+---------+-------+---------+---------+-------+---------
           D:1 |       0 |      12 |   0.0 |       0 |       8 |   0.0 |  1177
           D:2 |       0 |      15 |   0.0 |       0 |       2 |   0.0 |    39
               +---------+---------+-------+---------+---------+-------+---------
